 Dungeon Crawl Stone Soup version 0.18.0-1-g0107ab7 (webtiles) character file.

193 Chiseanne the Magician (level 5, -1/35 HPs)
             Began as a Demonspawn Wizard on May 5, 2016.
             Slain by an orc wizard
             ... wielding a +0 dagger
              (5 damage)
             ... on level 3 of the Dungeon.
             The game lasted 00:06:27 (3517 turns).

Chiseanne the Magician (Demonspawn Wizard)          Turns: 3517, Time: 00:06:28

Health: -1/35      AC:  7    Str:  7    XL:     5   Next: 44%
Magic:  2/12       EV: 12    Int: 21    God:
Gold:   105        SH:  0    Dex: 10    Spells: 5 memorised, 2 levels left

rFire  . . .     SeeInvis .     A - +0 whip (venom)
rCold  . . .     Gourm    .     n - +0 robe
rNeg   . . .     Faith    .     (no shield)
rPois  .         Spirit   .     b - +1 hat
rElec  .         Dismiss  .     (no cloak)
rCorr  .         Reflect  .     (no gloves)
SustAt .         Harm     .     (no boots)
MR     .....                    (no amulet)
Stlth  +.........               (no ring)
                                (no ring)

@: very slightly contaminated, repel missiles, not resistant to hostile
enchantments, very unstealthy
A: hooves 1, rough black scales 1, powered by death 1
a: no special abilities


You were on level 3 of the Dungeon.
You were not hungry.

You visited 1 branch of the dungeon, and saw 3 of its levels.

You collected 105 gold pieces.

Inventory:

Hand Weapons
 a - a +2 dagger of freezing
 e - a +1 hunting sling of flaming
 s - a +3 dagger of draining
 A - a +0 whip of venom (weapon)
Missiles
 h - 84 stones (quivered)
 o - 27 sling bullets
 w - 36 poisoned needles
 y - 2 tomahawks
Armour
 b - a +1 hat (worn)
 n - a +0 robe (worn)
Wands
 j - a wand of flame (34/48)
Scrolls
 p - a scroll of remove curse
 q - a scroll of identify
 x - a scroll of amnesia
 z - a scroll of random uselessness {unknown}
Potions
 g - 2 potions of lignification {unknown}
 k - a potion of flight {unknown}
 l - a potion of haste {unknown}
 u - a potion of mutation {unknown}
 v - a potion of degeneration {unknown}
Books
 c - a book of Minor Magic

   Spells                             Type                      Level
   a - Magic Dart                     Conjuration                  1
   b - Blink                          Translocation                2
   c - Call Imp                       Summoning                    2
   d - Repel Missiles                 Charms/Air                   2
   e - Slow                           Hexes                        2
   f - Conjure Flame                  Conjuration/Fire             3
   g - Mephitic Cloud                 Conjuration/Poison/Air       3
Comestibles
 d - 3 bread rations
 i - 2 meat rations
 m - 3 beef jerkies
 r - a chunk of flesh
 t - a slice of pizza


   Skills:
 - Level 1.7 Dodging
 - Level 1.7 Stealth
 * Level 4.7 Spellcasting
 * Level 3.6 Conjurations
   Level 1.0 Summonings
 - Level 0.8 Translocations


You had 2 spell levels left.
You knew the following spells:

 Your Spells              Type           Power        Failure   Level  Hunger
a - Magic Dart            Conj           ###.         2%          1    None
b - Blink                 Tloc           N/A          12%         2    #......
c - Repel Missiles        Chrm/Air       #.....       17%         2    #......
d - Mephitic Cloud        Conj/Pois/Air  ##......     24%         3    ##.....
e - Conjure Flame         Conj/Fire      ##......     17%         3    ##.....


Dungeon Overview and Level Annotations

Branches:
Dungeon (3/15)

Altars:


Innate Abilities, Weirdness & Mutations

You have large cloven feet.
You are partially covered in rough black scales (AC +4, Dex -1).
You regenerate a little health from kills.


Message History

* * * LOW HITPOINT WARNING * * *
The orc wizard closely misses you.
You hit the orc wizard but do no damage.
The orc wizard is poisoned.
The orc wizard is lightly wounded.
The orc wizard barely misses you.
Drink which item? (? for menu, Esc to quit)
You feel better. The orc wizard hits you with a dagger.
* * * LOW HITPOINT WARNING * * *
The orc wizard hits you but does no damage.
You barely miss the orc wizard.
The orc wizard is heavily wounded.
The orc wizard hits you with a dagger.
* * * LOW HITPOINT WARNING * * *
You hit the orc wizard but do no damage.
The orc wizard looks even sicker.
Your kick misses the orc wizard.
The orc wizard is heavily wounded.
The orc wizard hits you but does no damage.
The orc wizard hits you with a dagger.
You die...

##########
#........#
#.######.##### #.#
#......#
#.#####)...#.#
#.##.......#.####.
#.##.##....)......
##.##.##..o@).##...
#.........#####
#.)^......#
#.###.##.## #.#
#.##.# #.# #....#
#+## #.# ###..#
##...## #.#####..#
##.....## #
#........##
##.......## ##


You could see an orc wizard.

Vanquished Creatures
  2 orc priests (D:3)
  An orc wizard (D:3)
  2 adders (D:2)
  2 oozes
  2 worms
  2 dart slugs
  2 giant geckos
  5 orcs (D:3)
  5 bats
  4 giant cockroaches
  16 goblins
  10 hobgoblins
  A quokka (D:2)
  A ball python (D:3)
  4 giant newts
  2 kobolds
  8 rats
69 creatures vanquished.

Notes
Turn   | Place    | Note
--------------------------------------------------------------
     0 | D:1      | Chiseanne the Demonspawn Wizard began the quest for the Orb.
     0 | D:1      | Reached XP level 1. HP: 13/13 MP: 4/4
   329 | D:1      | Gained mutation: You are partially covered in rough black scales (AC +4, Dex -1). [demonic ancestry]
   329 | D:1      | Reached XP level 2. HP: 19/19 MP: 4/6
   957 | D:1      | Learned a level 2 spell: Blink
   960 | D:1      | Learned a level 2 spell: Repel Missiles
  1080 | D:1      | Gained mutation: You regenerate a little health from kills. [demonic ancestry]
  1080 | D:1      | Reached XP level 3. HP: 24/24 MP: 2/8
  1960 | D:2      | Reached XP level 4. HP: 30/30 MP: 3/9
  2072 | D:2      | Learned a level 3 spell: Mephitic Cloud
  2075 | D:2      | Reached skill level 4 in Spellcasting
  3382 | D:3      | Learned a level 3 spell: Conjure Flame
  3496 | D:3      | Gained mutation: You have large cloven feet. [demonic ancestry]
  3496 | D:3      | Reached XP level 5. HP: 35/35 MP: 5/11
  3517 | D:3      | Slain by an orc wizard

Skill      XL: |  1  2  3  4 |
---------------+-------------+-----
Conjurations   | 2 3 |  3.6
Spellcasting   | 4 |  4.7
Dodging        | |  1.7
Stealth        | |  1.7
Summonings     | |  1.0
Translocations | |  0.8

Action                   |  1- 3 |  4- 6 || total
-------------------------+-------+-------++-------
Melee: Dagger            |    55 |    20 ||    75
       Unarmed           |     1 |       ||     1
       Whip              |       |    10 ||    10
       Kick              |       |     1 ||     1
 Cast: Magic Dart        |    87 |    89 ||   176
       Repel Missiles    |     1 |       ||     1
       Mephitic Cloud    |       |     1 ||     1
  Use: Scroll            |     2 |     6 ||     8
       Potion            |       |     1 ||     1
 Stab: Confused          |       |     1 ||     1
  Eat: Chunk             |     3 |     5 ||     8
Armor: Robe              |    13 |    11 ||    24
Dodge: Dodged            |    44 |    24 ||    68
       Deflected         |       |     1 ||     1
